 Dungeon Crawl Stone Soup version 0.30.1-11-g7821555f0a (webtiles) character file.

Game seed: 4665253101798861719

123192 bnorton916 the Devastator (level 16, -21/84 HPs)
             Began as a Deep Elf Conjurer on Dec 5, 2023.
             Was an Initiate of Gozag.
             Blown up by an orb spider (45 damage)
             ... with an orb of destruction
             ... on level 4 of the Spider Nest on Dec 6, 2023.
             The game lasted 01:59:42 (59968 turns).

bnorton916 the Devastator (Deep Elf Conjurer)      Turns: 59968, Time: 01:59:43

Health: -21/84     AC: 27    Str:  8    XL:     16   Next: 36%
Magic:  33/42      EV: 10    Int: 35    God:    Gozag
Gold:   2038       SH:  7    Dex: 13    Spells: 26/55 levels left

rFire   . . .        T - +1 demon trident (venom)
rCold   . . .        A - +2 buckler
rNeg    . . .        L - +0 acid dragon scales
rPois   +            E - +2 helmet {Int+3}
rElec   .            l - +1 cloak
rCorr   +            d - +1 pair of gloves {infuse}
SInv    .            t - +0 pair of boots
Will    +....        W - amulet of magic regeneration
Stlth   ++           a - +7 ring of protection
HPRegen 0.34/turn    B - ring "Jacuapy" {rPois AC+4 Int+4}
MPRegen 0.68/turn

%: infuse magic (1 MP)
@: lethally poisoned (-21 -> -23), marked, gold aura
A: no striking features
a: Renounce Religion, Potion Petition, Call Merchant, Bribe Branch


You were on level 4 of the Spider Nest.
You worshipped Gozag.
Gozag was most pleased with you.
You visited 5 branches of the dungeon, and saw 22 of its levels.
You also visited: Bailey.

You collected 9586 gold pieces.
You spent 5790 gold pieces at shops.
You paid 1758 gold pieces to Gozag.

Inventory:

Hand Weapons
 Q - a +4 vampiric trident
 T - a +1 demon trident of venom (weapon)
Armour
 d - a +1 pair of gloves of infusion (worn)
 l - a +1 cloak (worn)
 t - a +0 pair of boots (worn)
 A - a +2 buckler (worn)
 E - a +2 helmet of intelligence (worn)
 L - +0 acid dragon scales (worn)
Magical Staves
 u - a staff of fire
Jewellery
 a - a +7 ring of protection (left hand)
 h - a ring of see invisible
 m - a ring of wizardry
 B - the ring "Jacuapy" (right hand) {rPois AC+4 Int+4}
   (You bought it in a shop on level 2 of the Orcish Mines)

   [ring of protection]

   AC:        It affects your AC (+4).
   Int:       It affects your intelligence (+4).
   rPois:     It protects you from poison.
 D - a ring of protection from cold
 N - an amulet of regeneration
 U - the ring "Seplele" {Will++ Str+5 Int+6}
   (You found it on level 1 of the Spider Nest)

   [ring of intelligence]

   Str:       It affects your strength (+5).
   Int:       It affects your intelligence (+6).
   Will:      It greatly increases your willpower.
 W - an amulet of magic regeneration (around neck)
 Z - an amulet of reflection
Wands
 j - a wand of flame (5)
 o - a wand of paralysis (24)
 y - a wand of acid (14)
 C - a wand of digging (6)
 I - a wand of iceblast (16)
Scrolls
 f - 2 scrolls of identify
 g - 4 scrolls of poison
 p - 3 scrolls of magic mapping
 q - 4 scrolls of silence
 w - 2 scrolls of butterflies
 x - 4 scrolls of amnesia
 G - 4 scrolls of teleportation
 H - a scroll of brand weapon
 J - 2 scrolls of fear
 K - 4 scrolls of vulnerability
 M - 4 scrolls of blinking
 P - 5 scrolls of fog
 X - 2 scrolls of enchant weapon
Potions
 b - 4 potions of magic
 c - 6 potions of lignification
 e - 5 potions of invisibility
 i - a potion of brilliance
 k - 2 potions of haste
 n - 8 potions of might
 r - 8 potions of curing
 s - 4 potions of heal wounds
 v - 5 potions of attraction
 z - 4 potions of mutation
 F - 3 potions of flight
 R - a potion of ambrosia
 Y - 2 potions of cancellation
Miscellaneous
 O - a phantom mirror
 S - a lightning rod (4/4)
 V - a condenser vane


   Skills:
 + Level 3.7 Fighting
 - Level 5.0 Armour
 - Level 2.4 Dodging
 - Level 5.0 Stealth
 - Level 4.0 Shields
 - Level 20.0 Spellcasting
 + Level 20.1 Conjurations
 - Level 4.0 Hexes
 - Level 3.0 Translocations
 + Level 13.4 Fire Magic
 - Level 6.0 Ice Magic
 - Level 4.0 Air Magic
 - Level 4.6 Poison Magic


You had 26 spell levels left.
You knew the following spells:

 Your Spells              Type           Power      Damage    Failure   Level
a - Magic Dart            Conj           100%       1d8       0%          1
b - Searing Ray           Conj           100%       2d8       0%          2
c - Fulminant Prism       Conj/Hex       44%        3d19      1%          4
d - Swiftness             Air            58%        N/A       1%          3
e - Freezing Cloud        Conj/Ice/Air   40%        6-21      1%          5
f - Iskenderun's Mystic   Conj/Tloc      86%        2d17      1%          4
g - Flame Wave            Conj/Fire      100%       2d21      1%          4
h - Blink                 Tloc           100%       N/A       1%          2
i - Olgreb's Toxic Radia  Pois           61%        N/A       3%          4

Your spell library contained the following spells:

 Spells                   Type           Power      Damage    Failure   Level
 Apportation              Tloc           100%       N/A       1%          1
 Kiss of Death            Conj/Necr      100%       2d13      1%          1
 Slow                     Hex            100%       N/A       1%          1
 Sting                    Tmut/Pois      100%       1d8       1%          1
 Cigotuvi's Dreadful Rot  Necr/Pois/Air  100%       N/A       1%          2
 Ensorcelled Hibernation  Hex/Ice        100%       N/A       1%          2
 Lesser Beckoning         Tloc           100%       N/A       1%          2
 Momentum Strike          Conj/Tloc      100%       3d10      1%          2
 Poisonous Vapours        Pois/Air       100%       N/A       1%          2
 Confusing Touch          Hex            58%        N/A       1%          3
 Dazzling Flash           Conj/Hex       100%       N/A       1%          3
 Ignite Poison            Fire/Tmut/Pois 67%        N/A       1%          3
 Portal Projectile        Hex/Tloc       100%       N/A       1%          3
 Starburst                Conj/Fire      50%        6d14      1%          6
 Conjure Ball Lightning   Conj/Air       44%        3x3d15    2%          6
 Passwall                 Tmut/Erth      29%        N/A       3%          2
 Sublimation of Blood     Necr           35%        N/A       3%          2
 Call Canine Familiar     Summ           35%        N/A       7%          3
 Vampiric Draining        Necr           35%        2d8       7%          3
 Anguish                  Hex/Necr       24%        N/A       10%         4
 Leda's Liquefaction      Hex/Erth       24%        N/A       10%         4
 Dispel Undead            Necr           35%        3d15      22%         4
 Alistair's Intoxication  Tmut/Pois      33%        N/A       24%         5
 Ignition                 Fire           46%        3d13      52%         8
 Lehudib's Crystal Spear  Conj/Erth      40%        10d10     93%         8
 Death Channel            Necr           17%        N/A       98%         6
 Haunt                    Necr/Summ      17%        N/A       100%        7
 Discord                  Hex            29%        N/A       100%        8
 Disjunction              Tloc           27%        N/A       100%        8
 Infestation              Necr           17%        N/A       100%        8
 Death's Door             Necr           17%        N/A       100%        9


Dungeon Overview and Level Annotations

Branches:
Dungeon (10/15)            Temple (1/1) D:7            Lair (5/5) D:10
  Swamp (0/4) Lair:3       Spider (4/4) Lair:2        Slime (0/5) Lair:5
    Orc (2/2) D:9             Elf (0/3) Orc:2        Bailey (visited)

Altars:
Ashenzari
Cheibriados
Elyvilon
Fedhas
Gozag
Makhleb
Nemelex Xobeh
Qazlal
Ru
Uskayaw
Vehumet
Xom
Yredelemnul
The Shining One

Shops:
D:1 !   D:3 =   D:9 [   Orc:2 =[[[*   Lair:1 [??


Message History

The mystic blast hits the pharaoh ant!
You destroy the pharaoh ant!
The pharaoh ant binds the souls of nearby monsters.
The mystic blast hits the wolf spider.
The wolf spider is almost dead.
The wolf spider is knocked back by the mystic blast.
You feel very sick.
The jumping spider is engulfed in freezing vapours.
You kill the jumping spider!
Your life force feels restored.
Unknown command.
Casting: Iskenderun's Mystic Blast (safe; 1% risk of failure)
Confirm with . or Enter, or press ? or * to list all spells.
You don't know that spell.
Casting: Iskenderun's Mystic Blast (safe; 1% risk of failure)
Confirm with . or Enter, or press ? or * to list all spells.
You begin to radiate toxic energy.
The redback is poisoned.
The wolf spider is poisoned.
The orb spider is poisoned.
The orb spider looks even sicker.
You feel very sick.
The orb spider begins to weave its threads into a brightly glowing ball.
Unknown command.
Unknown command.
You are too injured to fight recklessly!
Unknown command.
You kill the redback!
Your toxic aura wanes.
You feel very sick.
You kill the wolf spider!
You feel sick.
The orb spider weaves a glowing orb of energy.
An orb of destruction comes into view.
You feel sick.
You feel sick.
You feel sick.
You see here 32 gold pieces.
You feel sick.
You feel sick. The orb of destruction hits you!!!
Ouch! That really hurt!
You die...

#..^..................
#....................
##^.............^....
#^......^...^........
#.^.........^........
##....^^.....s...s...
##^............○....
#^.$..○$.[§§§.○*..^.
#..<@☼$○○°§§....^...
##.#^##..^§§§....^..
##^..[...§§.§$.^....
#.....^....!....^...
#...................
##...^..............
#...................
#...................
##...=..........)^^.


There were no monsters in sight!

Vanquished Creatures
  Arachne (Spider:2)
  Agnes (Spider:2)
  2 emperor scorpions
  A ghost moth (Spider:2)
  3 broodmothers
  2 dire elephants (Spider:3)
  2 spark wasps (Spider:4)
  3 entropy weavers
  A hydra (D:10)
  2 ogre magi (Orc:2)
  A centaur warrior (D:10)
  A catoblepas (D:9)
  2 radroaches (Spider:2)
  9 two-headed ogres
  2 jorogumos (Spider:3)
  3 boulder beetles
  14 death yaks
  A deep elf knight (Spider:3)
  3 skysharks
  Nergalle (D:10)
  8 pharaoh ants
  6 orb spiders
  2 goliath frogs (Lair:5)
  2 sun moths
  2 deep trolls (Orc:2)
  10 steelbarb worms
  A deep elf archer (Spider:3)
  An orc knight (Orc:2)
  Pikel (D:7)
  A manticore (D:9)
  An oklob plant (Orc:2)
  14 wolf spiders
  3 orc sorcerers
  2 cyclopes (Orc:2)
  2 moths of wrath
  10 elephants
  Maurice (D:8)
  11 demonic crawlers
  2 black mambas
  A gargoyle (Bailey)
  4 komodo dragons
  19 cane toads
  3 torpor snails
  2 rime drakes
  Maggie (D:7)
  An unseen horror (D:10)
  Psyche (D:8)
  A kobold demonologist (D:10)
  4 polar bears
  3 meliai (Spider:4)
  4 hornets
  Grinder (D:3)
  10 trolls
  2 tyrant leeches (Lair:5)
  26 tarantellas
  9 blink frogs (Lair:5)
  Sigmund (D:3)
  24 jumping spiders
  12 culicivoras
  A vampire (Bailey)
  6 wyverns
  41 yaks
  3 wraiths
  5 basilisks
  10 vampire mosquitoes
  57 redbacks
  4 wargs
  A steam dragon (D:8)
  2 acid dragons
  14 water moccasins
  A hell hound (Spider:3)
  13 orc warriors
  5 black bears
  26 ogres
  A sky beast (D:7)
  15 wolves (Lair:4)
  The ghost of auo the Firebug, an amateur DrFE (D:4)
  7 centaurs
  A phantom (D:4)
  2 lemures (D:7)
  2 kobold brigands (D:10)
  16 bullfrogs
  Blork the orc (D:4)
  2 gnoll sergeants
  3 scorpions
  A wight (D:10)
  10 killer bees
  6 vampire bats (Bailey)
  3 howler monkeys
  An electric eel (Lair:4)
  3 wolf zombies (Bailey)
  A hound (D:7)
  6 orc priests
  2 gnoll boudas (D:8)
  A jelly (D:7)
  A sleepcap (Temple)
  3 iguanas
  18 orc wizards
  A mummy (D:9)
  Robin (D:4)
  10 adders
  23 gnolls
  2 ufetubi
  2 worms (D:2)
  5 dart slugs
  41 orcs
  5 endoplasms
  3 giant cockroaches
  23 goblins
  8 hobgoblins
  3 jackals (D:2)
  7 kobolds
  3 quokkas
  10 ball pythons
  9 bats
  3 frilled lizards
  17 orc zombies (Bailey)
  7 rats
  A butterfly (D:8)
744 creatures vanquished.

Vanquished Creatures (others)
  108 fulminant prisms
108 creatures vanquished.

Grand Total: 852 creatures vanquished

Notes
Turn   | Place    | Note
-------+----------+-------------------------------------------
     0 | D:1      | bnorton916 the Deep Elf Conjurer began the quest for the
                  | Orb.
     0 | D:1      | Reached XP level 1. HP: 10/10 MP: 6/6
   235 | D:1      | Reached XP level 2. HP: 15/15 MP: 5/8
   540 | D:1      | Found Bemanwod's Distillery.
  1007 | D:2      | Learned a level 2 spell: Searing Ray
  1020 | D:2      | Reached XP level 3. HP: 16/19 MP: 4/10
  1034 | D:2      | Reached skill level 5 in Conjurations
  1183 | D:2      | Found an opulent altar of Gozag.
  1191 | D:2      | Became a worshipper of Gozag Ym Sagoz the Greedy
  1518 | D:2      | Reached XP level 4. HP: 24/24 MP: 10/12
  2053 | D:3      | Reached skill level 5 in Spellcasting
  2167 | D:3      | Reached XP level 5. HP: 28/28 MP: 11/15
  2251 | D:3      | Got the Octavo of the Calid Volley
  2264 | D:3      | Noticed a black bear
  2343 | D:1      | Bought a potion of curing for 42 gold pieces
  2343 | D:1      | Bought a potion of heal wounds for 70 gold pieces
  2343 | D:1      | Bought a potion of lignification for 42 gold pieces
  2426 | D:3      | Learned a level 4 spell: Fulminant Prism
  2568 | D:3      | Noticed Grinder
  2675 | D:3      | Paralysed by Grinder for 3 turns
  2682 | D:3      | Killed Grinder
  2683 | D:3      | Reached XP level 6. HP: 26/32 MP: 3/17
  2691 | D:3      | Learned a level 4 spell: Iskenderun's Mystic Blast
  2795 | D:3      | Reached skill level 1 in Translocations
  3162 | D:3      | Found Kyrep's One-of-a-Kind Rings.
  3334 | D:3      | Noticed Sigmund
  3545 | D:3      | Killed Sigmund
  3546 | D:3      | Reached XP level 7. HP: 36/36 MP: 9/19
  4262 | D:4      | Noticed Robin
  4270 | D:4      | Killed Robin
  4412 | D:4      | Noticed Blork the orc
  4416 | D:4      | Killed Blork the orc
  4788 | D:4      | Learned a level 5 spell: Freezing Cloud
  4842 | D:4      | Reached XP level 8. HP: 41/41 MP: 13/22
  4894 | D:4      | Found a glowing golden altar of the Shining One.
  4969 | D:4      | Noticed auo's ghost (amateur DrFE)
  4993 | D:4      | Found a runed translucent gate.
  4997 | D:4      | Found a runed translucent gate.
  4997 | D:4      | Found a runed translucent gate.
  5413 | D:5      | Entered Level 5 of the Dungeon
  6085 | D:5      | Reached skill level 1 in Ice Magic
  6154 | D:5      | Reached skill level 1 in Air Magic
  7283 | D:5      | Found a basalt altar of Yredelemnul.
  7444 | D:5      | Found a white marble altar of Elyvilon.
  7575 | D:1      | Bought a potion of heal wounds for 70 gold pieces
  7575 | D:1      | Bought 2 potions of invisibility for 224 gold pieces
  7575 | D:1      | Bought a potion of attraction for 42 gold pieces
  7575 | D:1      | Bought a potion of curing for 42 gold pieces
  7575 | D:1      | Bought a potion of curing for 42 gold pieces
  7575 | D:1      | Bought 2 potions of mutation for 224 gold pieces
  8182 | D:6      | Found a sacrificial altar of Ru.
  8610 | D:7      | You fall into a shaft and drop 1 floor!
  8651 | D:8      | Reached XP level 9. HP: 29/45 MP: 14/24
  8785 | D:8      | Found a flagged portal.
  8971 | Bailey   | Entered a bailey
  8977 | Bailey   | Learned a level 3 spell: Swiftness
  8982 | Bailey   | Learned a level 4 spell: Flame Wave
  9538 | Bailey   | Reached skill level 10 in Spellcasting
  9538 | Bailey   | Reached skill level 5 in Ice Magic
  9549 | Bailey   | Noticed a gargoyle
  9590 | Bailey   | Killed a gargoyle
 10618 | Bailey   | Identified the +7 chain mail "Ofrifepp" {rF- rC+ Slay+4}
 10847 | D:8      | Found a burning altar of Makhleb.
 10877 | D:8      | Reached skill level 1 in Armour
 10883 | D:8      | Noticed Psyche
 10890 | D:8      | Killed Psyche
 11086 | D:8      | Found a shimmering altar of Xom.
 11224 | D:8      | Noticed a troll
 11644 | D:8      | Noticed Maurice
 11662 | D:8      | Killed Maurice
 11663 | D:8      | Reached XP level 10. HP: 33/50 MP: 8/26
 12508 | D:7      | Found a stormy altar of Qazlal.
 12547 | D:7      | Found a staircase to the Ecumenical Temple.
 12549 | D:7      | Noticed Maggie
 12951 | D:7      | Identified the +0 whip of Law {holy, Dex+3}
 12981 | D:7      | Noticed Pikel
 12989 | D:7      | Killed Pikel
 13083 | Temple   | Entered the Ecumenical Temple
 13440 | D:7      | Reached skill level 5 in Armour
 13690 | D:7      | Killed Maggie
 13691 | D:7      | Reached skill level 10 in Conjurations
 14019 | D:7      | Found a broken altar of Ashenzari.
 14019 | D:7      | Found a sparkling altar of Nemelex Xobeh.
 14021 | D:7      | Found a hide-covered altar of Uskayaw.
 14503 | D:7      | Identified a scroll of acquirement
 14503 | D:7      | Acquired 747 gold pieces
 14607 | D:3      | Bought a +7 ring of protection for 1449 gold pieces
 15112 | D:4      | Killed auo's ghost
 15532 | D:9      | Found a snail-covered altar of Cheibriados.
 16064 | D:9      | Reached skill level 5 in Stealth
 16801 | D:9      | Found a staircase to the Orcish Mines.
 16803 | D:9      | Found Memusch's Armour Shoppe.
 17332 | D:9      | Noticed a manticore
 17333 | D:9      | Noticed a catoblepas
 17340 | D:9      | Killed a manticore
 17349 | D:9      | Killed a catoblepas
 17350 | D:9      | Reached XP level 11. HP: 38/54 MP: 7/29
 17571 | D:9      | Identified the +10 spear of Slow Death {heavy, Str-2 Dex+3
                  | SInv}
 17698 | D:10     | Entered Level 10 of the Dungeon
 17715 | D:10     | Noticed Nergalle
 17965 | D:10     | Killed Nergalle
 19631 | D:10     | Noticed a four-headed hydra
 19642 | D:10     | Killed a four-headed hydra
 20488 | D:10     | Noticed a death yak
 20496 | D:10     | Killed a death yak
 20608 | D:10     | Noticed a centaur warrior
 20630 | D:10     | Killed a centaur warrior
 20631 | D:10     | Reached skill level 15 in Spellcasting
 20895 | D:10     | Noticed a two-headed ogre
 20911 | D:10     | Killed a two-headed ogre
 20912 | D:10     | Reached XP level 12. HP: 44/59 MP: 25/33
 21488 | D:10     | Found a staircase to the Lair.
 21512 | D:10     | Found a radiant altar of Vehumet.
 21513 | D:10     | Found a blossoming altar of Fedhas.
 22756 | Lair:1   | Entered Level 1 of the Lair of Beasts
 23757 | Lair:1   | Learned a level 2 spell: Blink
 27447 | Lair:2   | Found an opulent altar of Gozag.
 28369 | Lair:2   | Reached skill level 15 in Conjurations
 28983 | Lair:2   | Found a hole to the Spider Nest.
 30186 | Lair:3   | Found a staircase to the Swamp.
 30563 | Lair:3   | Reached XP level 13. HP: 63/63 MP: 24/36
 32190 | Lair:3   | Got the Papyrus of the Creeping Dose
 33074 | Lair:4   | Reached skill level 1 in Shields
 33074 | Lair:4   | Reached skill level 1 in Fire Magic
 36046 | Lair:1   | Bought a scroll of acquirement for 832 gold pieces
 36046 | Lair:1   | Bought a scroll of teleportation for 48 gold pieces
 36046 | Lair:1   | Bought a scroll of blinking for 120 gold pieces
 36046 | Lair:1   | Bought a scroll of magic mapping for 120 gold pieces
 36046 | Lair:1   | Bought a scroll of identify for 32 gold pieces
 36046 | Lair:1   | Bought a scroll of identify for 32 gold pieces
 36046 | Lair:1   | Bought a scroll of identify for 32 gold pieces
 36056 | Lair:1   | Acquired 624 gold pieces
 37475 | Lair:5   | Entered Level 5 of the Lair of Beasts
 38483 | Lair:5   | Reached skill level 5 in Fire Magic
 38954 | Lair:5   | Reached XP level 14. HP: 65/68 MP: 31/39
 39078 | Lair:5   | Found a staircase to the Slime Pits.
 40172 | Lair:5   | Found the +5 scythe "Finisher" {speed, execute}
 40193 | Lair:5   | Got the Opusculum on Despair
 41058 | Orc:1    | Entered Level 1 of the Orcish Mines
 42049 | Orc:2    | Entered Level 2 of the Orcish Mines
 42051 | Orc:2    | Found Laethroe's General Store.
 42868 | Orc:2    | Bought a scroll of teleportation for 39 gold pieces
 42868 | Orc:2    | Bought a scroll of fog for 52 gold pieces
 42868 | Orc:2    | Bought a wand of digging (5) for 273 gold pieces
 42868 | Orc:2    | Bought The Lost Secrets of the Occult Arts for 468 gold
                  | pieces
 43572 | Orc:2    | Found Ekacegeddy's Antique Armour Emporium.
 43667 | Orc:2    | Found Meomerapn's Jewellery Emporium.
 44049 | Orc:2    | Found Merofyim's Armour Boutique.
 44057 | Orc:2    | Found Xinizxujod's Antique Armour Shoppe.
 44077 | Orc:2    | Bought a pair of runed gloves for 187 gold pieces
 44077 | Orc:2    | Bought a pair of boots for 112 gold pieces
 44117 | Orc:2    | Bought the ring "Jacuapy" {rPois AC+4 Int+4} for 722 gold
                  | pieces
 44197 | Orc:2    | Found a staircase to the Elven Halls.
 44366 | Spider:1 | Entered Level 1 of the Spider Nest
 44851 | Spider:1 | Noticed an emperor scorpion
 44860 | Spider:1 | Killed an emperor scorpion
 47026 | Lair:2   | Reached XP level 15. HP: 54/72 MP: 23/41
 48162 | Spider:1 | Learned a level 4 spell: Olgreb's Toxic Radiance
 48180 | Spider:1 | Reached skill level 10 in Fire Magic
 48302 | Spider:1 | Reached skill level 1 in Poison Magic
 48877 | Spider:1 | Identified the ring "Seplele" {Will++ Str+5 Int+6}
 50021 | Spider:1 | Glimpsed the power of Zot.
 52282 | Spider:2 | Noticed Arachne
 52291 | Spider:2 | Killed Arachne
 55330 | Spider:2 | Noticed an emperor scorpion
 55347 | Spider:2 | Killed an emperor scorpion
 55598 | Spider:2 | Noticed Agnes
 55607 | Spider:2 | Killed Agnes
 56008 | Spider:2 | Glimpsed the power of Zot.
 56281 | Lair:1   | Bought a bloodstained helmet for 332 gold pieces
 56281 | Lair:1   | Identified the -2 helmet "Paotac" {Harm rPois rC+ Int+5}
                  | (You bought it in a shop on level 1 of the Lair of Beasts)
 56313 | Lair:1   | Bought a scroll of enchant armour for 142 gold pieces
 56845 | Spider:3 | Reached skill level 1 in Fighting
 57129 | Spider:3 | Reached XP level 16. HP: 79/79 MP: 37/42
 58902 | Spider:4 | Entered Level 4 of the Spider Nest
 59968 | Spider:4 | Blown up by an orb spider

Illustrated notes

Levels and vault maps discovered:
D:1:      amcnicky_arrival_abandoned_market, layout_loops_ring, serial_shops,
          shop
D:2:      layout_rooms, basic_altar, minmay_door_square, fountainhead
D:3:      layout_basic, grunt_ministairs_1, nicolae_shop_unique_rings,
          interstate_on_off, uniq_sigmund, uniq_grinder
D:4:      layout_basic, nicolae_tso_carved_into_rock, gammafunk_ghost_split,
          serial_curves, eino_curves_02, eino_curves_03, uniq_blork_the_orc,
          uniq_robin
D:5:      layout_loops_ring, kennysheep_ying_yang, kennysheep_generic_room_7
D:6:      layout_basic, nicolae_ru_sacrificial_ziggurat, serial_glass,
          glass_columns_c, glass_columns_b
D:7:      layout_rooms, gammafunk_temple_overflow_forgotten,
          nicolae_qazlal_general_emergency, minmay_temple_entry_ruins,
          uniq_maggie, uniq_pikel
D:8:      layout_loops_ring, mainiacjoe_overflow_catwalk, xom_butterflies,
          enter_bailey_5, onia_ninara_dug_in_and_dangerous, uniq_maurice,
          uniq_psyche
D:9:      layout_small_grid, slow_altar_1, orc_david_3, minmay_radiant
D:10:     minmay_ornate_pinched, layout_loops_corners,
          mainiacjoe_overflow_catwalk_spiral, david_lair_generic,
          grunt_ministairs_2, uniq_nergalle
Temple:   hellmonk_temple_forest_ring
Lair:1:   layout_regular_city
Lair:2:   layout_loops_ring, spider_nest_entry_a, gauntlet_entry_generic,
          minivault_19, lemuel_altar_in_water2
Lair:3:   layout_regular_city, swamp_mist_pool
Lair:4:   layout_cave_pods, infiniplex_staircase_pool, uniq_rupert
Lair:5:   minmay_lair_end_frog_pond, layout_regular_city, slime_entry_1
Spider:1: layout_spider_delve, hellmonk_narrow_tunnel
Spider:2: layout_spider_delve, nicolae_spider_claw_tunnel,
          hangedman_spider_tarantella_strand, uniq_agnes, uniq_arachne
Spider:3: layout_chambers, beargit_elvish_explorers
Spider:4: spider_rune_water
Orc:1:    layout_caves, nicolae_volcano_entry_hallway, basic_altar,
          hellmonk_bongcloud_opening
Orc:2:    st_orc_open, layout_diamond_mine, serial_shops, shop_fountains,
          mines3_lemuel

Skill      XL: |  1  2  3  4  5  6  7  8  9 10 11 12 13 14 15 16 |
---------------+-------------------------------------------------+-----
Spellcasting   | 4 5 6 7 8 9 10 12 15 17 19 20 | 20.0
Conjurations   | 5 6 7 8 9 11 13 15 16 18 19 20 | 20.1
Hexes          | 2 3 4 |  4.0
Translocations | 2 3 |  3.0
Ice Magic      | 3 6 |  6.0
Air Magic      | 3 4 |  4.0
Armour         | 3 5 |  5.0
Stealth        | 5 |  5.0
Shields        | 4 |  4.0
Fire Magic     | 5 9 12 13 | 13.4
Poison Magic   | 4 |  4.6
Fighting       | 1 3 |  3.7
Dodging        | |  2.4

Action                     |  1- 3 |  4- 6 |  7- 9 | 10-12 | 13-15 | 16-18 || total
---------------------------+-------+-------+-------+-------+-------+-------++-------
  Melee: Unarmed           |     1 |       |       |       |       |       ||     1
         Trident           |       |       |     5 |    50 |   157 |    27 ||   239
         Punch             |       |       |       |     1 |     1 |       ||     2
   Cast: Magic Dart        |    67 |    44 |   138 |   107 |    77 |     7 ||   440
         Searing Ray       |     1 |     7 |    37 |    38 |    33 |     5 ||   121
         Fulminant Prism   |       |     5 |    44 |    37 |    19 |     3 ||   108
         Iskenderun's Myst |       |       |     3 |    26 |   204 |    40 ||   273
         Freezing Cloud    |       |       |     1 |    82 |   246 |    34 ||   363
         Swiftness         |       |       |       |     2 |     1 |     5 ||     8
         Flame Wave        |       |       |       |     4 |     2 |       ||     6
         Olgreb's Toxic Ra |       |       |       |       |     2 |     9 ||    11
 Invoke: Call Merchant     |       |       |       |       |     3 |       ||     3
  Evoke: Wand              |       |       |       |       |     3 |       ||     3
    Use: Scroll            |       |       |    11 |     8 |     4 |     1 ||    24
         Potion            |       |       |       |     6 |     2 |       ||     8
 Armour: Robe              |     1 |     4 |    25 |       |       |       ||    30
         Acid dragon scale |       |       |       |    92 |   210 |    48 ||   350
         Leather armour    |       |       |       |     2 |       |       ||     2
  Dodge: Dodged            |     6 |     5 |    49 |   120 |   156 |    33 ||   369
  Block: Buckler           |       |       |       |       |    72 |    25 ||    97
